 Dungeon Crawl Stone Soup version 0.28-a0-883-gc8d7bad45d (webtiles) character file.

Game seed: 3038532557071522606

464 Sabo the Ducker (level 6, -7/69 HPs)
             Began as a Demonspawn Gladiator on Nov 21, 2021.
             Was a Follower of Trog.
             Splashed by a jelly's acid (9 damage)
             ... on level 4 of the Dungeon.
             The game lasted 00:17:23 (3177 turns).

Sabo the Ducker (Demonspawn Gladiator)              Turns: 3177, Time: 00:17:24

Health: -7/69      AC:  2    Str: 17    XL:     6   Next: 80%
Magic:  6/6        EV: 12    Int:  9    God:    Trog [*.....]
Gold:   104        SH:  0    Dex: 14    Spells: 5/5 levels left

rFire   . . .      SeeInvis .   g - +3 dagger (elec)
rCold   . . .      Faith    .   (no shield)
rNeg    . . .      Spirit   .   h - +0 ring mail
rPois   .          Reflect  .   c - +0 helmet
rElec   .          Harm     .   (no cloak)
rCorr   .          Rampage  .   (no gloves)
Will    .....                   (no boots)
Stlth   ..........              (no amulet)
HPRegen 0.21/turn               (no ring)
MPRegen 0.10/turn               (no ring)

@: berserking, corroded, very quick
A: demonic magic 1, weakness stinger 2
a: Renounce Religion, Berserk


You were on level 4 of the Dungeon.
You worshipped Trog.
Trog was aware of your devotion.
You visited 1 branch of the dungeon, and saw 4 of its levels.

You collected 104 gold pieces.

Inventory:

Hand Weapons
 a - a +0 war axe
 f - a +0 hunting sling
 g - a +3 dagger of electrocution (weapon)
Missiles
 b - 43 poisoned darts (quivered)
 d - 3 throwing nets
 p - 45 arrows
 z - 16 sling bullets
Armour
 c - a +0 helmet (worn)
 h - a +0 ring mail (worn)
Wands
 m - a wand of charming (5)
Scrolls
 i - a scroll of teleportation
 k - a scroll of magic mapping
 l - a scroll of holy word {unknown}
 o - a scroll of enchant armour {unknown}
 q - a scroll of enchant weapon {unknown}
Potions
 e - a potion of heal wounds {unknown}
 j - a potion of attraction {unknown}
 n - a potion of haste {unknown}
 r - a potion of resistance {unknown}
 t - a potion of degeneration {unknown}
 u - a potion of brilliance {unknown}
 v - a potion of might {unknown}
 w - a potion of curing {unknown}


   Skills:
 + Level 2.8 Fighting
 + Level 3.0 Short Blades
 + Level 3.0 Axes
 + Level 3.3 Throwing
 + Level 2.8 Armour
 + Level 3.6 Dodging
 + Level 1.0 Stealth


You had 5 spell levels left.
You didn't know any spells.
Your spell library was empty.

Dungeon Overview and Level Annotations

Branches:
Dungeon (4/15)
 Temple: D:4-7

Altars:
Ashenzari
Trog

Shops:
D:1 [


Innate Abilities, Weirdness & Mutations

Spells you cast may paralyse adjacent enemies.
You have a tail ending in a sharp stinger.


Message History

Throw: 47 darts (poison)
Press: ? - help, Q - select action, (/) - cycle Shift-Dir - straight line, f - jelly
Aim: a jelly (90% to hit)
You throw a poisoned dart. The poisoned dart hits the jelly.
Throw: 46 darts (poison)
Press: ? - help, Q - select action, (/) - cycle Shift-Dir - straight line, f/p - jelly
Aim: a jelly (90% to hit)
You throw a poisoned dart. The poisoned dart hits the jelly.
Throw: 45 darts (poison)
Press: ? - help, Q - select action, (/) - cycle Shift-Dir - straight line, f/p - jelly
Aim: a jelly (90% to hit)
You throw a poisoned dart. The poisoned dart hits the jelly.
Throw: 44 darts (poison)
Press: ? - help, Q - select action, (/) - cycle Shift-Dir - straight line, f/p - jelly
Aim: a jelly (90% to hit)
You throw a poisoned dart. The poisoned dart hits the jelly.
The jelly hits you.
You are splashed with acid!
You hit the jelly. The acid corrodes you!
Your hands burn!
The jelly is lightly wounded.
You hit the jelly.
Your hands burn!
You tail-slap the jelly.
The jelly is moderately wounded.
The jelly closely misses you.
You hit the jelly but do no damage.
Your hands burn!
The jelly is moderately wounded.
The jelly hits you.
You are splashed with acid!
You hit the jelly.
Your hands burn!
The jelly is heavily wounded.
The jelly hits you but does no damage.
You hit the jelly.
Your hands burn!
You tail-slap the jelly, but do no damage.
The jelly is heavily wounded.
The jelly hits you.
* * * LOW HITPOINT WARNING * * *
You are splashed with acid!
* * * LOW HITPOINT WARNING * * *
A red film seems to cover your vision as you go berserk!
You feel yourself moving faster!
You feel mighty! The jelly hits you.
* * * LOW HITPOINT WARNING * * *
You are splashed with acid!
You die...

.........######.#
######[..# #.#
#...# #.# #...#
#.# #...# #.#
.######..#####..#
................
.######.######.#
#@# #J# #(#
##(#####..
#.(......#
#..#####.. ....#
#.##... # #.O.


You could see a jelly.

Vanquished Creatures
  Sigmund (D:3)
  An ogre (D:4)
  A bullfrog zombie (D:3)
  An orc priest (D:3)
  A gnoll shaman (D:4)
  An orc wizard (D:3)
  A hound zombie (D:4)
  3 gnolls (D:4)
  A white imp (D:3)
  2 adder zombies (D:4)
  A worm (D:3)
  3 orcs (D:3)
  7 bats
  2 endoplasms (D:1)
  3 giant cockroaches (D:1)
  6 goblins
  5 hobgoblins
  2 jackals (D:1)
  2 quokkas
  7 ball pythons
  A frilled lizard (D:1)
  4 kobolds
  6 rats
62 creatures vanquished.

Notes
Turn   | Place    | Note
-------+----------+-------------------------------------------
     0 | D:1      | Sabo the Demonspawn Gladiator began the quest for the Orb.
     0 | D:1      | Reached XP level 1. HP: 16/16 MP: 1/1
   327 | D:1      | Gained mutation: Spells you cast may paralyse adjacent
                  | enemies. [demonic ancestry]
   327 | D:1      | Reached XP level 2. HP: 22/22 MP: 2/2
   370 | D:1      | Found Miettut's Antique Armour Boutique.
  1016 | D:1      | Reached XP level 3. HP: 25/28 MP: 3/3
  1463 | D:2      | Found a faded altar of an unknown god.
  1478 | D:2      | Prayed at the altar of an unknown god.
  1478 | D:2      | Became a worshipper of Trog the Wrathful
  1478 | D:2      | Reached * piety under Trog
  2408 | D:3      | Reached skill level 1 in Short Blades
  2408 | D:3      | Reached skill level 1 in Armour
  2408 | D:3      | Gained mutation: You have a small tail. [demonic ancestry]
  2408 | D:3      | Reached XP level 4. HP: 34/34 MP: 4/4
  2411 | D:3      | Noticed Sigmund
  2422 | D:3      | Killed Sigmund
  2423 | D:3      | Gained mutation: You have a tail ending in a sharp stinger.
                  | [demonic ancestry]
  2423 | D:3      | Reached XP level 5. HP: 29/39 MP: 5/5
  2428 | D:3      | Reached XP level 6. HP: 36/46 MP: 6/6
  2729 | D:3      | Found a broken altar of Ashenzari.
  3168 | D:4      | Reached skill level 1 in Stealth
  3176 | D:4      | HP: 2/46 [acid (10)]
  3177 | D:4      | Splashed by a jelly's acid

Illustrated notes

Levels and vault maps discovered:
D:1:      nzn_arrival_crosshair, layout_basic, serial_shops,
          nicolae_shop_window_shopping, st_stairs_9
D:2:      layout_rooms, hellmonk_ecumenical_altar_zigzags
D:3:      layout_rooms, mainiacjoe_overflow_brackets, hex_large,
          minmay_hedge_maze, uniq_sigmund
D:4:      layout_loops_ring, serial_undead, serial_undead_f, serial_undead_f,
          serial_undead_e, serial_undead_b, serial_shops, nicolae_square_shop

Skill      XL: |  1  2  3  4  5  6 |
---------------+-------------------+-----
Dodging        | 3 |  3.6
Axes           | 3 |  3.0
Throwing       | 2 3 |  3.3
Short Blades   | 1 2 3 |  3.0
Armour         | 1 2 |  2.8
Stealth        | 1 |  1.0
Fighting       | |  2.8

Action                   |  1- 3 |  4- 6 || total
-------------------------+-------+-------++-------
Melee: Dagger            |    76 |    64 ||   140
       War axe           |     6 |       ||     6
       Tailslap          |       |    11 ||    11
Throw: Dart              |    35 |    18 ||    53
Invok: Berserk           |       |     2 ||     2
  Use: Scroll            |     1 |     3 ||     4
Armor: Ring mail         |    49 |    23 ||    72
       Leather armour    |     4 |       ||     4
Dodge: Dodged            |    75 |    41 ||   116

Table legend: (Time is in decaauts)
 A = Elapsed time spent in this place.
 B = Non-inter-level travel time spent in this place.
 C = Inter-level travel time spent in this place.
 D = Time resting spent in this place.
 E = Time spent auto-exploring this place.
 F = Levels seen in this place.
 G = Mean time per level.
                   A        B        C        D        E       F      G
               +--------+--------+--------+--------+--------+-----+--------+
         Total |   3175 |   3175 |      0 |    520 |      0 |   4 |  793.8 |
       Dungeon |   3175 |   3175 |      0 |    520 |      0 |   4 |  793.8 |
               +--------+--------+--------+--------+--------+-----+--------+

Top non-repeatable levels by time:
     D:1: 1395 daAuts
     D:2: 838 daAuts
     D:3: 720 daAuts
     D:4: 220 daAuts
